| TOP OF THE 1ST |
|
Boston (APP) Red Sox batting - Pitching for Oakland (APP) Athletics : LHP David Arnold
|
|
Pitching: LHP David Arnold
|
|
|
Batting: RHB Matt Hinkle
|
0-0: Called Strike 0-1: Ball 1-1: Called Strike 1-2: Ball 2-2: Foul Ball, location: 2F 2-2: SOLO HOME RUN (Flyball, 7D, EV 98.8 MPH), Distance : 370 ft
|
|
Batting: LHB Stanislav Parusov
|
0-0: Called Strike 0-1: Ball 1-1: Foul Ball, location: 2F 1-2: Ball 2-2: Ball 3-2: Ground out 6-3 (Groundball, 6, EV 99.4 MPH)
|
|
Batting: RHB Frank Sokolosky
|
0-0: SINGLE (Line Drive, 6MD, EV 99.4 MPH)
|
|
Batting: RHB William Lung
|
0-0: Ball 1-0: Swinging Strike 1-1: Foul Ball, location: 2F 1-2: Strikes out swinging
|
|
Batting: LHB Frank Olivo
|
0-0: Ball 1-0: Ball 2-0: Called Strike 2-1: Ball 3-1: Base on Balls Frank Sokolosky to second
|
|
Batting: RHB Mike Strey
|
0-0: Foul Ball, location: 2F 0-1: Foul Ball, location: 2F 0-2: Foul Ball, location: 2F 0-2: Ball 1-2: Ball 2-2: Strikes out swinging
|
| Top of the 1st over - 1 run, 2 hits, 0 errors, 2 left on base; Boston (APP) 1 - Oakland (APP) 0 |
| BOTTOM OF THE 1ST |
|
Oakland (APP) Athletics batting - Pitching for Boston (APP) Red Sox : RHP Chris Cory
|
|
Pitching: RHP Chris Cory
|
|
|
Batting: RHB Colin Coleman
|
0-0: Ground out 4-3 (Groundball, 4M, EV 88.1 MPH)
|
|
Batting: RHB Steve Blackshear
|
0-0: Foul Ball, location: 2F 0-1: Ball 1-1: Ball 2-1: Foul Ball, location: 2F 2-2: Ball 3-2: Strikes out swinging
|
|
Batting: RHB Matt Black
|
0-0: Ball 1-0: Foul Ball, location: 2F 1-1: Swinging Strike 1-2: Foul Ball, location: 2F 1-2: Ground out 6-3 (Groundball, 6, EV 84.4 MPH)
|
| Bottom of the 1st over - 0 runs, 0 hits, 0 errors, 0 left on base; Boston (APP) 1 - Oakland (APP) 0 |
| TOP OF THE 2ND |
|
Boston (APP) Red Sox batting - Pitching for Oakland (APP) Athletics : LHP David Arnold
|
|
Batting: RHB Dominique Paolozzi
|
0-0: Swinging Strike 0-1: Called Strike 0-2: Ball 1-2: Ball 2-2: Ball 3-2: Foul Ball, location: 2F 3-2: Strikes out looking
|
|
Batting: RHB Rogelio Cervantes
|
0-0: Called Strike 0-1: Foul Ball, location: 2F 0-2: Strikes out looking
|
|
Batting: RHB Joe Booth
|
0-0: Ball 1-0: Ball 2-0: Swinging Strike 2-1: Ball 3-1: Foul Ball, location: 2F 3-2: Base on Balls
|
|
Batting: RHB Matt Hinkle
|
0-0: Ball 1-0: Foul Ball, location: 2F 1-1: Ball 2-1: Foul Ball, location: 2F 2-2: Foul Ball, location: 2F 2-2: Fielders Choice at 2nd, 6-4 (Groundball, 6, EV 83.8 MPH)
|
| Top of the 2nd over - 0 runs, 0 hits, 0 errors, 1 left on base; Boston (APP) 1 - Oakland (APP) 0 |
| BOTTOM OF THE 2ND |
|
Oakland (APP) Athletics batting - Pitching for Boston (APP) Red Sox : RHP Chris Cory
|
|
Batting: RHB Tetsuya Shinoda
|
0-0: Ball 1-0: Fly out, F8 (Flyball, 8LD, EV 100.6 MPH)
|
|
Batting: RHB Walt Alaniz
|
0-0: Ball 1-0: Called Strike 1-1: Ball 2-1: Swinging Strike 2-2: Strikes out swinging
|
|
Batting: RHB Jon Coleman
|
0-0: Ball 1-0: Called Strike 1-1: SINGLE (Groundball, 56D, EV 111.9 MPH)
|
|
Batting: LHB Al Soltero
|
0-0: Swinging Strike 0-1: Foul Ball, location: 2F 0-2: Ground out U3 (Groundball, 3, EV 83.1 MPH)
|
| Bottom of the 2nd over - 0 runs, 1 hit, 0 errors, 1 left on base; Boston (APP) 1 - Oakland (APP) 0 |
| TOP OF THE 3RD |
|
Boston (APP) Red Sox batting - Pitching for Oakland (APP) Athletics : LHP David Arnold
|
|
Batting: LHB Stanislav Parusov
|
0-0: Swinging Strike 0-1: Ground out 4-3 (Groundball, 4, EV 78.8 MPH)
|
|
Batting: RHB Frank Sokolosky
|
0-0: Ball 1-0: Ball 2-0: Called Strike 2-1: Foul Ball, location: 2F 2-2: Foul Ball, location: 2F 2-2: Ball 3-2: Foul Ball, location: 2F 3-2: SOLO HOME RUN (Flyball, 9D, EV 91.3 MPH), Distance : 349 ft
|
|
Batting: RHB William Lung
|
0-0: Called Strike 0-1: Called Strike 0-2: SINGLE (Line Drive, 78S, EV 105.6 MPH)
|
|
Pitching: RHP Victor Sanchez
|
|
|
Batting: LHB Frank Olivo
|
0-0: Ball 1-0: Fielders Choice at 2nd, 3-6 (Groundball, 3, EV 81.3 MPH)
|
|
Batting: RHB Mike Strey
|
0-0: Called Strike 0-1: Called Strike 0-2: Ball 1-2: Strikes out swinging
|
| Top of the 3rd over - 1 run, 2 hits, 0 errors, 1 left on base; Boston (APP) 2 - Oakland (APP) 0 |
| BOTTOM OF THE 3RD |
|
Oakland (APP) Athletics batting - Pitching for Boston (APP) Red Sox : RHP Chris Cory
|
|
Batting: SHB George Marshall
|
0-0: Called Strike 0-1: Ball 1-1: SINGLE (Groundball, 34D, EV 94.4 MPH)
|
|
Batting: RHB Tim Anderson
|
0-0: Called Strike 0-1: DOUBLE (Line Drive, 9LM, EV 93.8 MPH) George Marshall to third
|
|
Batting: RHB Colin Coleman
|
0-0: Ground out 6-3 (Groundball, 56, EV 93.8 MPH) George Marshall scores
|
|
Batting: RHB Steve Blackshear
|
0-0: Called Strike 0-1: Foul Ball, location: 2F 0-2: Foul Ball, location: 2F 0-2: Ground out 5-3 (Groundball, 5L, EV 102.5 MPH)
|
|
Batting: RHB Matt Black
|
0-0: Called Strike 0-1: Ball 1-1: Ball 2-1: Foul Ball, location: 2F 2-2: Fly out, F7 (Flyball, 78M, EV 82.5 MPH)
|
| Bottom of the 3rd over - 1 run, 2 hits, 0 errors, 1 left on base; Boston (APP) 2 - Oakland (APP) 1 |
| TOP OF THE 4TH |
|
Boston (APP) Red Sox batting - Pitching for Oakland (APP) Athletics : RHP Victor Sanchez
|
|
Batting: RHB Dominique Paolozzi
|
0-0: Ball 1-0: Swinging Strike 1-1: Ball 2-1: Foul Ball, location: 2F 2-2: Strikes out swinging
|
|
Batting: RHB Rogelio Cervantes
|
0-0: Foul Ball, location: 2F 0-1: Foul Ball, location: 2F 0-2: Strikes out swinging
|
|
Batting: RHB Joe Booth
|
0-0: Foul Ball, location: 2F 0-1: Ball 1-1: Ball 2-1: Foul Ball, location: 2F 2-2: Strikes out swinging
|
| Top of the 4th over - 0 runs, 0 hits, 0 errors, 0 left on base; Boston (APP) 2 - Oakland (APP) 1 |
| BOTTOM OF THE 4TH |
|
Oakland (APP) Athletics batting - Pitching for Boston (APP) Red Sox : RHP Chris Cory
|
|
Batting: RHB Tetsuya Shinoda
|
0-0: Ball 1-0: Ball 2-0: Called Strike 2-1: Foul Ball, location: 2F 2-2: Hit by Pitch
|
|
Batting: RHB Walt Alaniz
|
0-0: Called Strike 0-1: Swinging Strike 0-2: Ball 1-2: Foul Ball, location: 2F 1-2: Ball Wild Pitch! Tetsuya Shinoda to second 2-2: Strikes out swinging
|
|
Batting: RHB Jon Coleman
|
0-0: Ball 1-0: Swinging Strike 1-1: Ball 2-1: Foul Ball, location: 2F 2-2: Ground out 4-3 (Groundball, 4, EV 103.1 MPH) Tetsuya Shinoda to third
|
|
Batting: LHB Al Soltero
|
0-0: Ball Wild Pitch! Tetsuya Shinoda scores 1-0: Ball 2-0: Called Strike 2-1: Ball 3-1: Base on Balls
|
|
Batting: SHB George Marshall
|
Pickoff Throw to First - Error! E1 Al Soltero to second 0-0: Ball 1-0: Called Strike 1-1: Ground out 5-3 (Groundball, 56, EV 81.3 MPH)
|
| Bottom of the 4th over - 1 run, 0 hits, 1 error, 1 left on base; Boston (APP) 2 - Oakland (APP) 2 |
| TOP OF THE 5TH |
|
Boston (APP) Red Sox batting - Pitching for Oakland (APP) Athletics : RHP Victor Sanchez
|
|
Batting: RHB Matt Hinkle
|
0-0: Called Strike 0-1: Ball 1-1: Foul Ball, location: 2F 1-2: Ball 2-2: DOUBLE (Line Drive, 9LS, EV 101.9 MPH)
|
|
Batting: LHB Stanislav Parusov
|
0-0: Called Strike Matt Hinkle steals 3rd base 0-1: Foul Ball, location: 2F 0-2: Ball 1-2: Ball 2-2: Ball 3-2: Foul Ball, location: 2F 3-2: 2-RUN HOME RUN (Flyball, 9D, EV 95.6 MPH), Distance : 344 ft
|
|
Batting: RHB Frank Sokolosky
|
0-0: Called Strike 0-1: Ball 1-1: Foul Ball, location: 2F 1-2: Ball 2-2: Strikes out swinging
|
|
DELAY
|
Rain delay of 41 minutes in the 5th inning.
|
|
Pitching: RHP Nick Cunningham
|
|
|
Batting: RHB William Lung
|
0-0: Called Strike 0-1: SINGLE (Groundball, 56S, EV 70.0 MPH) (infield hit)
|
|
Batting: LHB Frank Olivo
|
0-0: Foul Ball, location: 2F 0-1: Ball 1-1: Ball 2-1: Swinging Strike 2-2: Fielders Choice at 2nd, 4-6 (Groundball, 4, EV 89.4 MPH)
|
|
Batting: RHB Mike Strey
|
0-0: Fly out, F8 (Flyball, 89M, EV 96.3 MPH)
|
| Top of the 5th over - 2 runs, 3 hits, 0 errors, 1 left on base; Boston (APP) 4 - Oakland (APP) 2 |
| BOTTOM OF THE 5TH |
|
Oakland (APP) Athletics batting - Pitching for Boston (APP) Red Sox : RHP Chris Cory
|
|
Batting: RHB Tim Anderson
|
0-0: Ball 1-0: Ball 2-0: Ground out 6-3 (Groundball, 6, EV 77.5 MPH)
|
|
Batting: RHB Colin Coleman
|
0-0: Fly out, F9 (Flyball, 9LD, EV 101.9 MPH)
|
|
Batting: RHB Steve Blackshear
|
0-0: Called Strike 0-1: Ball 1-1: Swinging Strike 1-2: Ball 2-2: Foul Ball, location: 2F 2-2: Foul Ball, location: 2F 2-2: Foul Ball, location: 2F 2-2: SINGLE (Groundball, 6MD, EV 105.0 MPH)
|
|
Batting: RHB Matt Black
|
0-0: Ball 1-0: Called Strike 1-1: Foul Ball, location: 2F 1-2: 2-RUN HOME RUN (Flyball, 9D, EV 95.6 MPH), Distance : 362 ft
|
|
Batting: RHB Tetsuya Shinoda
|
0-0: Foul Ball, location: 2F 0-1: Ball 1-1: Ball 2-1: Foul Ball, location: 2F 2-2: Strikes out swinging
|
| Bottom of the 5th over - 2 runs, 2 hits, 0 errors, 0 left on base; Boston (APP) 4 - Oakland (APP) 4 |
| TOP OF THE 6TH |
|
Boston (APP) Red Sox batting - Pitching for Oakland (APP) Athletics : RHP Nick Cunningham
|
|
Batting: RHB Dominique Paolozzi
|
0-0: Called Strike 0-1: Ball 1-1: Ball 2-1: Swinging Strike 2-2: Foul Ball, location: 2F 2-2: Ball 3-2: Strikes out looking
|
|
Batting: RHB Rogelio Cervantes
|
0-0: Ground out 6-3 (Groundball, 6, EV 86.9 MPH)
|
|
Pinch Hitting: SHB Eric Evans
|
0-0: Ball 1-0: Foul Ball, location: 2F 1-1: Ball 2-1: Single, Error in OF, E8, batter to second base (Groundball, 4MD, EV 93.8 MPH)
|
|
Batting: RHB Matt Hinkle
|
0-0: Called Strike 0-1: Called Strike 0-2: Strikes out swinging
|
| Top of the 6th over - 0 runs, 1 hit, 1 error, 1 left on base; Boston (APP) 4 - Oakland (APP) 4 |
| BOTTOM OF THE 6TH |
|
Oakland (APP) Athletics batting - Pitching for Boston (APP) Red Sox : RHP Chris Cory
|
|
Pitching: LHP Eddie Contreras
|
|
|
Now in LF: William Lung
|
|
|
Now in CF: Matt Hinkle
|
|
|
Now in RF: Eric Evans
|
|
|
Batting: RHB Walt Alaniz
|
0-0: Swinging Strike 0-1: Ground out 4-3 (Groundball, 4S, EV 64.4 MPH)
|
|
Batting: RHB Jon Coleman
|
0-0: Foul Ball, location: 2F 0-1: Foul Ball, location: 2F 0-2: Strikes out looking
|
|
Batting: LHB Al Soltero
|
0-0: Ball 1-0: Ball 2-0: Foul Ball, location: 2F 2-1: Ball 3-1: Base on Balls
|
|
Batting: SHB George Marshall
|
0-0: Ball 1-0: Ball 2-0: Ball 3-0: Base on Balls Al Soltero to second
|
|
Batting: RHB Tim Anderson
|
0-0: Called Strike 0-1: Foul Ball, location: 2F 0-2: Ball 1-2: Strikes out swinging
|
| Bottom of the 6th over - 0 runs, 0 hits, 0 errors, 2 left on base; Boston (APP) 4 - Oakland (APP) 4 |
| TOP OF THE 7TH |
|
Boston (APP) Red Sox batting - Pitching for Oakland (APP) Athletics : RHP Nick Cunningham
|
|
Pitching: LHP Kalaida Steedman
|
|
|
Pinch Hitting: RHB Curt Stallings
|
0-0: Swinging Strike 0-1: Called Strike 0-2: Ball 1-2: Foul Ball, location: 2F 1-2: Strikes out looking
|
|
Batting: RHB Frank Sokolosky
|
0-0: Called Strike 0-1: Fly out, F8 (Line Drive, 8RD, EV 86.3 MPH)
|
|
Batting: RHB William Lung
|
0-0: Foul Ball, location: 2F 0-1: Ball 1-1: Reached on error, E1 (Groundball, P, EV 65.0 MPH)
|
|
Pinch Hitting: RHB Josh Graham
|
0-0: Ball 1-0: Ball 2-0: Swinging Strike 2-1: Ball 3-1: Foul Ball, location: 2F 3-2: Strikes out looking
|
| Top of the 7th over - 0 runs, 0 hits, 1 error, 1 left on base; Boston (APP) 4 - Oakland (APP) 4 |
| BOTTOM OF THE 7TH |
|
Oakland (APP) Athletics batting - Pitching for Boston (APP) Red Sox : LHP Eddie Contreras
|
|
Now at 1B: Matt Hinkle
|
|
|
Now at 2B: Ben Crossley
|
|
|
Now in CF: Curt Stallings
|
|
|
Batting: RHB Colin Coleman
|
0-0: Called Strike 0-1: Swinging Strike 0-2: Strikes out looking
|
|
Batting: RHB Steve Blackshear
|
0-0: Foul Ball, location: 2F 0-1: Called Strike 0-2: Ball 1-2: Ball 2-2: Ball 3-2: Strikes out looking
|
|
Batting: RHB Matt Black
|
0-0: Ball 1-0: Ball 2-0: Ball 3-0: Base on Balls
|
|
Batting: RHB Tetsuya Shinoda
|
0-0: Called Strike 0-1: Ball 1-1: Fielders Choice at 2nd, 5-4 (Groundball, 56, EV 79.4 MPH)
|
| Bottom of the 7th over - 0 runs, 0 hits, 0 errors, 1 left on base; Boston (APP) 4 - Oakland (APP) 4 |
| TOP OF THE 8TH |
|
Boston (APP) Red Sox batting - Pitching for Oakland (APP) Athletics : LHP Kalaida Steedman
|
|
Pitching: RHP A.J. Marston
|
|
|
Batting: RHB Mike Strey
|
0-0: Ball 1-0: Called Strike 1-1: SINGLE (Groundball, 56D, EV 102.5 MPH)
|
|
Batting: RHB Dominique Paolozzi
|
0-0: Ball 1-0: Foul Ball, location: 2F 1-1: Swinging Strike 1-2: Ball 2-2: Ball 3-2: Fly out, F9 (Flyball, 89S, EV 88.1 MPH)
|
|
Batting: RHB Rogelio Cervantes
|
0-0: Called Strike 0-1: Sac Bunt to 23 - play at first, batter OUT! 3-4 Mike Strey to second
|
|
Batting: SHB Eric Evans
|
0-0: Ball 1-0: Fly out, F9 (Line Drive, 9, EV 95.0 MPH)
|
| Top of the 8th over - 0 runs, 1 hit, 0 errors, 1 left on base; Boston (APP) 4 - Oakland (APP) 4 |
| BOTTOM OF THE 8TH |
|
Oakland (APP) Athletics batting - Pitching for Boston (APP) Red Sox : LHP Eddie Contreras
|
|
Batting: RHB Walt Alaniz
|
0-0: Ball 1-0: Ball 2-0: Called Strike 2-1: Ball 3-1: Foul Ball, location: 2F 3-2: Foul Ball, location: 2F 3-2: Base on Balls
|
|
Batting: RHB Jon Coleman
|
0-0: Swinging Strike 0-1: Ball 1-1: Ball Wild Pitch! Walt Alaniz to second 2-1: Intentional Walk
|
|
Batting: LHB Al Soltero
|
0-0: Swinging Strike 0-1: Called Strike 0-2: Strikes out swinging
|
|
Batting: SHB George Marshall
|
0-0: Ball 1-0: Ground out 5-3 (Groundball, 5S, EV 88.8 MPH) Walt Alaniz to third Jon Coleman to second
|
|
Batting: RHB Tim Anderson
|
0-0: Ball 1-0: Foul Ball, location: 2F 1-1: Swinging Strike 1-2: Strikes out swinging
|
| Bottom of the 8th over - 0 runs, 0 hits, 0 errors, 2 left on base; Boston (APP) 4 - Oakland (APP) 4 |
| TOP OF THE 9TH |
|
Boston (APP) Red Sox batting - Pitching for Oakland (APP) Athletics : RHP A.J. Marston
|
|
Pitching: RHP Jon Hollman
|
|
|
Batting: RHB Matt Hinkle
|
0-0: Ball 1-0: Ball 2-0: Ball 3-0: Called Strike 3-1: Foul Ball, location: 2F 3-2: DOUBLE (Line Drive, 8LXD, EV 100.0 MPH)
|
|
Batting: RHB Curt Stallings
|
0-0: Ball 1-0: Called Strike 1-1: Foul Ball, location: 2F 1-2: Ball 2-2: Strikes out looking
|
|
Batting: RHB Frank Sokolosky
|
0-0: Fly out, F7 (Flyball, 7D, EV 98.1 MPH) Runner from 2nd tags up, SAFE at 3rd, no throw by LF
|
|
Batting: RHB William Lung
|
0-0: Intentional Walk
|
|
Batting: RHB Ben Crossley
|
0-0: Ball 1-0: Called Strike 1-1: Ball 2-1: Swinging Strike 2-2: Foul Ball, location: 2F 2-2: Fly out, F7 (Flyball, 7LD, EV 88.8 MPH)
|
| Top of the 9th over - 0 runs, 1 hit, 0 errors, 2 left on base; Boston (APP) 4 - Oakland (APP) 4 |
| BOTTOM OF THE 9TH |
|
Oakland (APP) Athletics batting - Pitching for Boston (APP) Red Sox : LHP Eddie Contreras
|
|
Pitching: RHP Juan Mejia
|
|
|
Batting: RHB Colin Coleman
|
0-0: Called Strike 0-1: Called Strike 0-2: SINGLE (Groundball, 6MD, EV 97.5 MPH)
|
|
Batting: RHB Steve Blackshear
|
0-0: Ball 1-0: Ball 2-0: Swinging Strike 2-1: Fly out, F7 (Line Drive, 78D, EV 101.9 MPH)
|
|
Batting: RHB Matt Black
|
0-0: Ball Colin Coleman steals 2nd base 1-0: Called Strike 1-1: Ball 2-1: Fly out, F9 (Flyball, 9LM, EV 85.0 MPH)
|
|
Batting: RHB Tetsuya Shinoda
|
0-0: Ball 1-0: Foul Ball, location: 2F 1-1: Swinging Strike 1-2: Strikes out swinging
|
| Bottom of the 9th over - 0 runs, 1 hit, 0 errors, 1 left on base; Boston (APP) 4 - Oakland (APP) 4 |
| TOP OF THE 10TH |
|
Boston (APP) Red Sox batting - Pitching for Oakland (APP) Athletics : RHP Jon Hollman
|
|
Batting: RHB Mike Strey
|
0-0: Ball 1-0: Swinging Strike 1-1: Foul Ball, location: 2F 1-2: Ball 2-2: Foul Ball, location: 2F 2-2: Ball 3-2: SINGLE (Line Drive, 34D, EV 96.9 MPH)
|
|
Batting: RHB Dominique Paolozzi
|
0-0: Ball Pickoff Throw to First - Out! 1-3 1-0: Ball 2-0: Ground out 4-3 (Groundball, 4, EV 101.3 MPH)
|
|
Batting: RHB Rogelio Cervantes
|
0-0: Ball 1-0: Swinging Strike 1-1: Foul Ball, location: 2F 1-2: Foul Ball, location: 2F 1-2: Ground out 4-3 (Groundball, 4, EV 101.3 MPH)
|
| Top of the 10th over - 0 runs, 1 hit, 0 errors, 0 left on base; Boston (APP) 4 - Oakland (APP) 4 |
| BOTTOM OF THE 10TH |
|
Oakland (APP) Athletics batting - Pitching for Boston (APP) Red Sox : RHP Juan Mejia
|
|
Batting: RHB Walt Alaniz
|
0-0: Ball 1-0: Foul Ball, location: 2F 1-1: Ball 2-1: Foul Ball, location: 2F 2-2: Foul Ball, location: 2F 2-2: Ground out 5-3 (Groundball, 56, EV 105.0 MPH)
|
|
Batting: RHB Jon Coleman
|
0-0: Called Strike 0-1: Fly out, F7 (Flyball, 7, EV 95.0 MPH)
|
|
Batting: LHB Al Soltero
|
0-0: Foul Ball, location: 2F 0-1: Ball 1-1: Swinging Strike 1-2: Ground out 6-3 (Groundball, 6M, EV 86.3 MPH)
|
| Bottom of the 10th over - 0 runs, 0 hits, 0 errors, 0 left on base; Boston (APP) 4 - Oakland (APP) 4 |
| TOP OF THE 11TH |
|
Boston (APP) Red Sox batting - Pitching for Oakland (APP) Athletics : RHP Jon Hollman
|
|
Pitching: RHP Jalen Cobbins
|
|
|
Batting: SHB Eric Evans
|
0-0: Called Strike 0-1: Ball 1-1: Ball 2-1: Ground out 3-1 (Groundball, 34, EV 81.9 MPH)
|
|
Batting: RHB Matt Hinkle
|
0-0: Ball 1-0: Swinging Strike 1-1: Ground out 5-3 (Groundball, 5, EV 88.1 MPH)
|
|
Batting: RHB Curt Stallings
|
0-0: Ball 1-0: Ground out 4-3 (Groundball, 4, EV 90.0 MPH)
|
| Top of the 11th over - 0 runs, 0 hits, 0 errors, 0 left on base; Boston (APP) 4 - Oakland (APP) 4 |
| BOTTOM OF THE 11TH |
|
Oakland (APP) Athletics batting - Pitching for Boston (APP) Red Sox : RHP Juan Mejia
|
|
Pitching: RHP Mike Tolley
|
|
|
Batting: SHB George Marshall
|
0-0: Ground out 4-3 (Groundball, 4, EV 105.6 MPH)
|
|
Batting: RHB Tim Anderson
|
0-0: Ball 1-0: Swinging Strike 1-1: Foul Ball, location: 2F 1-2: Ball 2-2: Strikes out swinging
|
|
Batting: RHB Colin Coleman
|
0-0: Foul Ball, location: 2F 0-1: Foul Ball, location: 2F 0-2: Foul Ball, location: 2F 0-2: Ground out 3-1 (Groundball, 34, EV 76.3 MPH)
|
| Bottom of the 11th over - 0 runs, 0 hits, 0 errors, 0 left on base; Boston (APP) 4 - Oakland (APP) 4 |
| TOP OF THE 12TH |
|
Boston (APP) Red Sox batting - Pitching for Oakland (APP) Athletics : RHP Jalen Cobbins
|
|
Batting: RHB Frank Sokolosky
|
0-0: Ball 1-0: Called Strike 1-1: Ball 2-1: Called Strike 2-2: Strikes out swinging
|
|
Batting: RHB William Lung
|
0-0: Foul Ball, location: 2F 0-1: Swinging Strike 0-2: Ball 1-2: Strikes out looking
|
|
Batting: RHB Ben Crossley
|
0-0: Ball 1-0: SINGLE (Line Drive, 7S, EV 106.9 MPH)
|
|
Batting: RHB Mike Strey
|
0-0: Ball 1-0: Foul Ball, location: 2F 1-1: Called Strike 1-2: Ground out U3 (Groundball, 3L, EV 107.5 MPH)
|
| Top of the 12th over - 0 runs, 1 hit, 0 errors, 1 left on base; Boston (APP) 4 - Oakland (APP) 4 |
| BOTTOM OF THE 12TH |
|
Oakland (APP) Athletics batting - Pitching for Boston (APP) Red Sox : RHP Mike Tolley
|
|
Batting: RHB Steve Blackshear
|
0-0: Ball 1-0: Foul Ball, location: 2F 1-1: Ball 2-1: Ball 3-1: Base on Balls
|
|
Batting: RHB Matt Black
|
0-0: Ball 1-0: Ball 2-0: Ball 3-0: Base on Balls Steve Blackshear to second
|
|
Batting: RHB Tetsuya Shinoda
|
0-0: Swinging Strike 0-1: Foul Ball, location: 2F 0-2: Strikes out swinging
|
|
Batting: RHB Walt Alaniz
|
0-0: Called Strike 0-1: Called Strike 0-2: Ball 1-2: Ball 2-2: Fly out, F7 (Line Drive, 7, EV 98.1 MPH)
|
|
Batting: RHB Jon Coleman
|
0-0: Ball 1-0: Foul Ball, location: 2F 1-1: Called Strike 1-2: Ball Passed Ball! Steve Blackshear to third Matt Black to second 2-2: Strikes out swinging
|
| Bottom of the 12th over - 0 runs, 0 hits, 0 errors, 2 left on base; Boston (APP) 4 - Oakland (APP) 4 |
| TOP OF THE 13TH |
|
Boston (APP) Red Sox batting - Pitching for Oakland (APP) Athletics : RHP Jalen Cobbins
|
|
Batting: RHB Dominique Paolozzi
|
0-0: Ground out 6-3 (Groundball, 6, EV 81.9 MPH)
|
|
Batting: RHB Rogelio Cervantes
|
0-0: Ball 1-0: Foul Ball, location: 2F 1-1: Ball 2-1: Hit by Pitch
|
|
Pitching: LHP David Rodriguez
|
|
|
Batting: SHB Eric Evans
|
0-0: Called Strike Rogelio Cervantes steals 2nd base 0-1: Ball Rogelio Cervantes steals 3rd base (no throw) 1-1: Called Strike 1-2: Ball 2-2: Ball 3-2: Strikes out swinging
|
|
Batting: RHB Matt Hinkle
|
0-0: Ball 1-0: Ball 2-0: Called Strike 2-1: Foul Ball, location: 2F 2-2: Ball 3-2: Strikes out swinging
|
| Top of the 13th over - 0 runs, 0 hits, 0 errors, 1 left on base; Boston (APP) 4 - Oakland (APP) 4 |
| BOTTOM OF THE 13TH |
|
Oakland (APP) Athletics batting - Pitching for Boston (APP) Red Sox : RHP Mike Tolley
|
|
Batting: LHB Al Soltero
|
0-0: Ball 1-0: Ball 2-0: Ball 3-0: Base on Balls
|
|
Batting: SHB George Marshall
|
0-0: Ball 1-0: Bunt missed! 1-1: Sac Bunt to 2L - play at first, batter OUT! 2-4 Al Soltero to second
|
|
Batting: RHB Tim Anderson
|
0-0: Called Strike 0-1: 2-RUN HOME RUN (Flyball, 8LXD, EV 102.5 MPH), Distance : 424 ft
|
| Bottom of the 13th over - 2 runs, 1 hit, 0 errors, 0 left on base; Boston (APP) 4 - Oakland (APP) 6 |
| |
|
Game Over ... Oakland (APP) defeats Boston (APP), 6 to 4
|
|
|